 Dungeon Crawl Stone Soup version 0.29-a0-330-g52719c12eb (webtiles) character file.

Game seed: 6554169081815902502

329 SkeletonJelly the Covert (level 6, -2/36 HPs)
             Began as a Vampire Delver on Apr 12, 2022.
             Was a Follower of Wu Jian.
             Slain by a gnoll
             ... wielding a +0 spear
              (9 damage)
             ... on level 3 of the Dungeon.
             The game lasted 00:04:49 (1289 turns).

SkeletonJelly the Covert (Vampire Delver)           Turns: 1289, Time: 00:04:50

Health: -2/36      AC:  3    Str: 11    XL:     6   Next: 25%
Magic:  6/6        EV: 12    Int: 12    God:    Wu Jian [*.....]
Gold:   29         SH:  0    Dex: 18    Spells: 5/5 levels left

rFire   . . .      SeeInvis +   t - +8 trident of the Octopus King {venom, rElec rPois}
rCold   + + .      Faith    .   (no shield)
rNeg    + + +      Spirit   .   b - +0 leather armour
rPois   ∞          Reflect  .   (no helmet)
rElec   +          Harm     .   (no cloak)
rCorr   .          Rampage  .   (no gloves)
Will    .....                   (no boots)
Stlth   +++.......              (no amulet)
HPRegen 0.00/turn               (no ring)
MPRegen 0.10/turn               (no ring)

@: lit by a corona, bloodless, inhibited regen, glowing
A: bloodless, fangs 3, see invisible, vampiric 2
a: Bat Form, Revivify, Renounce Religion


You were on level 3 of the Dungeon.
You worshipped Wu Jian.
Wu Jian was aware of your devotion.
You visited 2 branches of the dungeon, and saw 4 of its levels.

You collected 29 gold pieces.

Inventory:

Hand Weapons
 a - a +0 short sword
 t - the +8 trident of the Octopus King (weapon) {venom, rElec rPois}
   (You found it on level 3 of the Dungeon)

   It poisons the flesh of those it strikes.
   rElec:     It insulates you from electricity.
   rPois:     It protects you from poison.
Missiles
 p - 2 poisoned darts (quivered)
 s - 6 atropa-tipped darts
Armour
 b - a +0 leather armour (worn)
 r - an orb of guile
Wands
 g - a wand of digging (7)
 i - a wand of iceblast (8)
Scrolls
 c - a scroll of fog
 d - a scroll of magic mapping
 e - a scroll of fear
 j - a scroll of immolation {unknown}
 n - a scroll of teleportation {unknown}
 q - 2 scrolls of identify {unknown}
Potions
 f - a potion of haste
 h - a potion of cancellation {unknown}
 k - 2 potions of flight {unknown}
 l - 2 potions of degeneration {unknown}
 m - 2 potions of berserk rage {unknown}
 o - a potion of lignification {unknown}
 u - a potion of attraction {unknown}


   Skills:
 - Level 2.6 Fighting
 * Level 6.1 Short Blades
 - Level 2.1 Dodging
 + Level 9.3 Stealth


You had 5 spell levels left.
You didn't know any spells.
Your spell library was empty.

Dungeon Overview and Level Annotations

Branches:
Dungeon (5/15)             Temple (1/1) D:5

Altars:
Ashenzari
Elyvilon
Fedhas
Gozag
Kikubaaqudgha
Nemelex Xobeh
Okawaru
Qazlal
Trog
Uskayaw
Vehumet
Wu Jian
Xom
Yredelemnul

Annotations:
D:4 2 runed translucent doors
D:5 Pikel


Innate Abilities, Weirdness & Mutations

You do not regenerate when monsters are visible.
You are frail without blood (-20% HP).
You can heal yourself when you bite living creatures.
You are immune to poison.
You have razor-sharp teeth.
You have supernaturally acute eyesight. (SInv)
You are afflicted with vampirism and can become a bat while bloodless.


Message History

The Council accepts your kill.
You lunge at the kobold.
The helpless kobold fails to defend itself.
You bite the kobold, and draw its blood!
You skewer the kobold like a kebab!!!
You kill the kobold!
The Council accepts your kill.
There is a fountain of clear blue water here.
You lunge at the endoplasm.
The helpless endoplasm fails to defend itself.
You skewer the endoplasm like a kebab!!!
You kill the endoplasm!
The Council accepts your kill.
Things that are here:
a +0 dagger; a kobold corpse
Things that are here:
a +0 morningstar; a +0 chain mail; the human corpse of Terence
Things that are here:
a +0 short sword; 4 stones; a kobold corpse An orc comes into view.
It is wielding a +0 short sword.
An orc is nearby!
You lunge at the orc.
The helpless orc fails to defend itself.
You bite the orc, and draw its blood! You perforate the orc like a sieve!!!
You kill the orc!
The Council accepts your kill.
Your Short Blades skill increases to level 6!
Things that are here:
a +0 short sword; an orc corpse
g - a wand of digging (7) (gained 4 charges)
A dart slug comes into view.
Found an escape hatch in the ceiling.
A dart slug is nearby!
Found a stone staircase leading down.
The dart slug launches a dart at you. The slug dart hits you.
You take 5 damage, and have 31/36 hp.
You hit the dart slug.
The dart slug is moderately wounded.
The dart slug bites you.
You take 2 damage, and have 29/36 hp.
You completely miss the dart slug.
The dart slug is moderately wounded.
You hit the dart slug. You bite the dart slug.
You kill the dart slug!
The Council accepts your kill.
No target in view!
No target in view!
No target in view!
No target in view!
No target in view!
HP restored.
Things that are here:
a +0 short sword; an orc corpse A gnoll shaman and 2 gnolls come into view.
A gnoll comes into view. It is wielding a +0 halberd. x2
A gnoll comes into view. It is wielding a +0 flail.
Health restored: 36
Things that are here:
a +0 short sword; an orc corpse
Things that are here:
a +0 short sword; an orc corpse You lunge at the gnoll shaman, in a flurry of attacks.
You barely miss the gnoll shaman. x2
The gnoll shaman calls upon its god to speed up the gnoll.
The gnoll seems to speed up.
The gnoll shouts! x3
Things that are here:
a +0 short sword; an orc corpse The +8 trident of the Octopus King {venom, rElec rPois} begins to drip with poison!
t - the +8 trident of the Octopus King (weapon)
{venom, rElec rPois} The gnoll shaman hits you with a +0 club.
You take 1 damage, and have 35/36 hp.
You puncture the gnoll shaman!
The gnoll shaman is poisoned.
Your bite misses the gnoll shaman.
The gnoll shaman is heavily wounded.
The gnoll misses you. The gnoll shaman misses you.
You hit the gnoll shaman.
The gnoll shaman looks as sick as possible!
The gnoll shaman is severely wounded.
The gnoll closely misses you.
The gnoll hits you from afar with a +0 spear.
The gnoll hits you from afar with a +0 halberd!
The gnoll shaman misses you.
You take 16 damage, and have 19/36 hp.
MASSIVE DAMAGE!!
The gnoll shaman invokes the aid of its god against you.
You are outlined in light.
You kill the gnoll shaman!
The Council accepts your kill.
The gnoll throws a throwing net.
The throwing net completely misses you. The gnoll barely misses you.
The gnoll closely misses you.
The gnoll hits you from afar with a +0 spear.
You take 3 damage, and have 16/36 hp.
The gnoll hits you from afar with a +0 spear!
* * * LOW HITPOINT WARNING * * *
There is an escape hatch in the ceiling here.
You take 9 damage, and have 7/36 hp.
MASSIVE DAMAGE!!
The gnoll hits you from afar with a +0 spear!
You die...

##...## ##..>..##
#.......# #.......#
#.......# #########
##.....##
........#####......##
...........g........#
......(.#...#.g.@...#
........g.###.......#
.......g### ##.....##
........# ##...##
........## #####
###.##...# # #.####)#
###.# #g#
..######gg......


You could see 2 gnolls.

Vanquished Creatures
  An ogre (D:4)
  A necrophage (D:4)
  A hound (D:3)
  A gnoll shaman (D:3)
  Terence (D:3)
  2 orc wizards (D:4)
  An adder (D:3)
  2 ufetubi
  A worm (D:3)
  A dart slug (D:3)
  2 orcs
  3 ball pythons
  3 endoplasms
  A giant cockroach (D:3)
  2 goblins (D:4)
  2 hobgoblins
  5 kobolds
  2 quokkas
  A frilled lizard (D:3)
  A rat (D:3)
34 creatures vanquished.

Notes
Turn   | Place    | Note
-------+----------+-------------------------------------------
     0 | D:5      | SkeletonJelly the Vampire Delver began the quest for the
                  | Orb.
     0 | D:5      | Reached XP level 1. HP: 17/17 MP: 1/1
     9 | D:5      | Noticed Pikel
     9 | D:5      | Noticed a lemure
    53 | D:5      | Found a staircase to the Ecumenical Temple.
    57 | D:5      | Noticed a hound
    64 | Temple   | Entered the Ecumenical Temple
   292 | Temple   | Became a worshipper of the Wu Jian Council
   314 | D:5      | Noticed a lemure
   338 | D:4      | Noticed an ogre
   342 | D:4      | Killed an ogre
   343 | D:4      | Reached skill level 8 in Stealth
   343 | D:4      | Reached XP level 2. HP: 18/18 MP: 2/2
   343 | D:4      | Gained mutation: You are afflicted with vampirism and can
                  | become a bat while bloodless. [Vampire growth]
   343 | D:4      | Reached XP level 3. HP: 22/22 MP: 3/3
   343 | D:4      | Reached XP level 4. HP: 27/27 MP: 4/4
   518 | D:4      | Found a large runed translucent door.
   518 | D:4      | Found a large runed translucent door.
   543 | D:4      | Reached XP level 5. HP: 31/31 MP: 5/5
   556 | D:4      | Reached skill level 5 in Short Blades
  1011 | D:3      | Found a radiant altar of Vehumet.
  1031 | D:3      | Found the +8 trident of the Octopus King {venom, rElec
                  | rPois}
  1109 | D:3      | Reached skill level 9 in Stealth
  1110 | D:3      | Reached * piety under Wu Jian
  1117 | D:3      | Reached XP level 6. HP: 36/36 MP: 6/6
  1125 | D:3      | Noticed Terence
  1129 | D:3      | Killed Terence
  1289 | D:3      | Slain by a gnoll

Illustrated notes

Levels and vault maps discovered:
D:3:      minmay_skewed_foursquare, layout_rooms, fiery_altar_vehumet,
          kennysheep_generic_room_13, uniq_terence
D:4:      layout_rooms, jmf_multi_god_temple2, minmay_misc_feat_nine_boxes
D:5:      layout_rooms, minmay_overflow_temple_star_quad,
          minmay_temple_entry_stoned_glass, uniq_pikel, uniq_duvessa
Temple:   nicolae_temple_figure_eight

Skill      XL: |  1  2  3  4  5  6 |
---------------+-------------------+-----
Short Blades   | 4 5 6 |  6.1
Stealth        | 8 9 |  9.3
Fighting       | |  2.6
Dodging        | |  2.1

Action                   |  1- 3 |  4- 6 || total
-------------------------+-------+-------++-------
Melee: Short sword       |     3 |    61 ||    64
       Bite              |       |     5 ||     5
       Trident           |       |     2 ||     2
Invok: Lunge             |     1 |    22 ||    23
       Whirlwind         |       |     1 ||     1
 Abil: Exsanguinate      |     1 |       ||     1
Evoke: Wand              |       |     2 ||     2
 Stab: Sleeping          |     1 |    18 ||    19
       Distracted        |       |     1 ||     1
Armor: Leather armour    |       |     4 ||     4
Dodge: Dodged            |     3 |    23 ||    26

Table legend: (Time is in decaauts)
 A = Elapsed time spent in this place.
 B = Non-inter-level travel time spent in this place.
 C = Inter-level travel time spent in this place.
 D = Time resting spent in this place.
 E = Time spent auto-exploring this place.
 F = Levels seen in this place.
 G = Mean time per level.
                   A        B        C        D        E       F      G
               +--------+--------+--------+--------+--------+-----+--------+
         Total |   1283 |   1234 |     49 |      0 |    904 |   4 |  320.8 |
       Dungeon |   1033 |   1033 |      0 |      0 |    707 |   3 |  344.3 |
        Temple |    249 |    200 |     49 |      0 |    197 |   1 |  249.0 |
               +--------+--------+--------+--------+--------+-----+--------+

Top non-repeatable levels by time:
     D:4: 679 daAuts
     D:3: 281 daAuts
  Temple: 249 daAuts
     D:5: 72 daAuts
